Map: New Repugnancy LE

Players

SpeCial - Winner!

  • Race: Terran Terran
  • Spawn Location: 1:00

Nerchio

  • Race: Zerg Zerg
  • Spawn Location: 7:00

Event: 2019 WCS Summer

VOD

Have the link to the VOD?

Description

Time

  • Played on: July 12, 2019, 2:56 p.m.
  • Length: 16:14

All games in this series

Show
View Real Time Build Order
Export as new Build Order

SpeCial Terran - Winner!

Build Orders:  

Get SALT Encoding   

  12  0:00  SCV  
  13  0:12  SCV  
  14  0:18  Supply Depot  
  14  0:25  SCV  
  15  0:41  Barracks  
  16  0:42  SCV  
  16  0:49  Refinery  
  16  1:01  Barracks  
  16  1:05  SCV  
  17  1:17  SCV  
  18  1:31  Orbital Command  
  18  1:32  Reaper  
  19  1:34  Refinery  
  19  1:50  Reaper  
  19  1:52  Supply Depot  
  20  1:57  SCV  
  21  2:05  Reaper  
  22  2:09  SCV  
  23  2:21  SCV  
  23  2:22  Reaper  
  25  2:33  SCV, Factory  
  26  2:45  SCV, Reaper  
  28  2:57  SCV, Reaper  
  30  2:59  Command Center  
  30  3:10  SCV, Supply Depot  
  31  3:19  Factory Reactor  
  31  3:24  Starport  
  31  3:31  SCV  
  32  3:37  Bunker  
  34  3:44  SCV, Supply Depot  
  33  3:56  SCV  
  33  3:58  Hellion x2  
  37  4:03  Starport Tech Lab  
  37  4:08  SCV  
  38  4:20  Command Center  
  38  4:22  SCV  
  39  4:33  Orbital Command  
  39  4:36  SCV  
  43  4:48  SCV  
  44  4:54  Supply Depot  
  44  4:59  Barracks Tech Lab, SCV  
  45  5:00  SCV  
  46  5:07  Liberator  
  46  5:09  Marine x2  
  46  5:12  SCV x2  
  50  5:19  Factory Tech Lab  
  48  5:23  Stimpack, Marauder  
  48  5:24  SCV x2  
  48  5:27  Marine  
  52  5:28  Bunker  
  52  5:32  Orbital Command  
  52  5:35  Supply Depot  
  52  5:36  SCV x2  
  52  5:39  Siege Tank, Marine  
  58  5:44  Marine  
  58  5:45  Marine  
  58  5:48  SCV x2  
  62  5:50  Barracks  
  62  5:57  Marine  
  62  5:58  Liberator  
  62  5:59  SCV  
  62  6:00  SCV  
  62  6:01  Orbital Command, Marine, SCV  
  62  6:02  Supply Depot  
  62  6:03  Marine  
  68  6:11  Siege Tank  
  71  6:15  Marine  
  76  6:19  Marine  
  76  6:21  SCV x2  
  76  6:23  Marine  
  79  6:31  Engineering Bay, SCV  
  79  6:32  Engineering Bay  
  80  6:37  Marine  
  80  6:38  SCV x2  
  84  6:44  Supply Depot  
  83  6:51  SCV  
  83  6:53  Marine  
  85  6:55  Marine x2  
  85  6:56  Marine  
  85  6:57  Siege Tank  
  85  7:01  SCV  
  92  7:10  Starport Reactor  
  92  7:11  Refinery x2, SCV  
  92  7:12  Marine  
  92  7:13  Marine  
  92  7:15  Barracks Reactor  
  95  7:17  Terran Infantry Weapons Level 1, Terran Infantry Armor Level 1  
  95  7:21  Marine  
  96  7:25  Barracks  
  96  7:26  Barracks, Combat Shield  
  96  7:30  Marine  
  96  7:31  Marine  
  96  7:35  SCV  
  96  7:38  Supply Depot  
  96  7:39  Marine  
  90  7:46  SCV  
  90  7:48  Marine  
  90  7:49  Marine, Supply Depot, Medivac  
  90  7:50  Medivac  
  97  7:51  Marine x2  
  97  7:55  Orbital Command  
  97  7:56  Marine  
  100  7:58  SCV  
  100  7:59  SCV  
  102  8:06  Marine x2, Supply Depot  
  102  8:09  Marine x2  
  102  8:10  SCV  
  102  8:11  SCV  
  108  8:14  Marine  
  108  8:15  Barracks Reactor  
  108  8:16  Barracks Reactor  
  108  8:19  Medivac  
  71  8:20  Medivac  
  111  8:23  SCV x2, Supply Depot  
  111  8:24  Marine  
  111  8:26  Marine, Supply Depot  
  117  8:28  Marine x2  
  117  8:30  Siege Tank  
  117  8:32  Marine  
  121  8:35  SCV x3  
  124  8:42  Marine  
  124  8:45  Supply Depot  
  124  8:47  SCV x2  
  124  8:48  Armory, SCV  
  128  8:52  Missile Turret  
  128  8:55  Refinery  
  128  8:56  Refinery  
  128  8:59  SCV x2  
  128  9:00  Marine x2, SCV  
  128  9:01  Marine  
  128  9:02  Marine x2  
  136  9:06  Supply Depot  
  136  9:09  Marine, Supply Depot  
  137  9:11  Marine  
  137  9:14  Siege Tank  
  137  9:17  Marine  
  139  9:18  Marine  
  139  9:22  Sensor Tower  
  139  9:23  Marine  
  139  9:24  Marine x2  
  141  9:26  Factory  
  141  9:27  Marine  
  141  9:28  Marine  
  141  9:29  Marine  
  141  9:30  Marauder  
  147  9:34  Marine  
  147  9:36  Terran Infantry Weapons Level 2, Terran Infantry Armor Level 2  
  148  9:39  Marine, Terran Vehicle Weapons Level 1  
  148  9:41  Marine  
  148  9:44  Marine  
  142  9:45  Marine  
  142  9:48  Marine  
  142  9:49  Marine  
  142  9:52  Marine x2  
  128  9:53  Marauder  
  128  9:56  Medivac x2  
  128  9:57  Marine  
  125  10:04  Marine x3  
  125  10:06  Marine x2  
  130  10:09  SCV  
  130  10:10  Marine  
  130  10:11  SCV  
  130  10:13  Factory Tech Lab  
  133  10:14  Marauder  
  133  10:18  Marine x2  
  133  10:19  Command Center  
  137  10:21  Marine  
  137  10:26  Marine  
  137  10:27  Marine  
  140  10:30  Marine  
  140  10:32  Barracks, Marine  
  140  10:35  Barracks, Siege Tank  
  145  10:39  Siege Tank  
  148  10:45  Liberator x2  
  148  10:47  Marine x3  
  148  10:49  Marine x2  
  153  10:52  Marine  
  153  10:53  Marauder  
  153  10:57  Marine  
  155  10:59  Marine  
  163  11:07  Supply Depot  
  163  11:14  Marauder  
  165  11:20  Siege Tank  
  161  11:27  Marine  
  161  11:30  Marine x3  
  161  11:31  Marine  
  166  11:33  Terran Vehicle Weapons Level 2  
  166  11:35  Marine  
  166  11:36  Marauder  
  157  11:42  Siege Tank  
  136  11:48  Marine, Barracks Tech Lab  
  136  11:49  Marine  
  136  11:51  Barracks x2, Marine  
  136  11:52  Siege Tank  
  136  11:53  Terran Infantry Weapons Level 3, Terran Infantry Armor Level 3  
  132  11:54  Marine  
  132  11:57  Marine, Marauder  
  133  12:03  SCV x3  
  136  12:09  Planetary Fortress  
  136  12:10  Marine  
  136  12:14  Medivac x2  
  136  12:15  Marine  
  138  12:16  Marine x2  
  138  12:17  Marine x4  
  138  12:19  Marine, Marauder  
  138  12:20  Marauder  
  138  12:21  Siege Tank  
  150  12:24  SCV x3  
  150  12:27  Sensor Tower  
  150  12:28  Marine  
  154  12:33  Marine  
  154  12:34  Siege Tank, Marine  
  159  12:37  Marauder, SCV x2  
  159  12:39  Marine  
  159  12:40  Marauder  
  159  12:41  Marauder  
  159  12:42  Marine x2  
  170  12:46  Marine  
  170  12:49  Medivac  
  165  12:52  Marine  
  165  12:53  Siege Tank  
  169  12:59  Marauder  
  169  13:00  Starport  
  169  13:01  Marauder  
  169  13:02  Marauder, Refinery x2  
  169  13:03  Command Center  
  175  13:06  Marine  
  175  13:09  Marine  
  175  13:10  Starport  
  177  13:13  Marine  
  175  13:20  Marine x2  
  175  13:21  Marine  
  177  13:29  Viking x2  
  177  13:30  Marine  
  182  13:34  Marine  
  182  13:37  Marine  
  182  13:39  Command Center  
  182  13:42  Marine  
  182  13:46  Marine  
  183  13:49  Marine  
  183  13:51  Viking x2  
  180  13:55  Marine  
  180  13:56  Marine, Marauder  
  180  13:57  Marine  
  180  13:59  Viking, Marine  
  180  14:01  Marine  
  180  14:02  Marine  
  181  14:12  Marine  
  181  14:13  Viking, Marauder  
  181  14:14  Marine  
  181  14:15  Marine  
  176  14:18  Marine  
  176  14:19  Marine  
  176  14:21  Viking x2  
  176  14:22  Marine  
  176  14:23  Marine x2  
  185  14:29  Viking  
  187  14:33  Marine x3  
  187  14:34  Marine  
  191  14:43  Viking  
  191  14:44  Ghost Academy, Barracks Tech Lab  
  193  14:51  Planetary Fortress  
  197  14:59  Viking  
  165  15:07  Marine x2  
  165  15:08  Starport Reactor  
  165  15:12  Fusion Core  
  165  15:13  SCV x3, Medivac  
  165  15:14  Refinery  
  168  15:15  Refinery  
  168  15:16  Starport Tech Lab  
  168  15:17  Marauder, Marine x2  
  168  15:18  Marauder, Marine  
  168  15:19  Marine  
  168  15:20  Marauder  
  178  15:21  Marine  
  178  15:27  Marine  
  178  15:28  Marauder  
  182  15:29  Supply Depot, Medivac  
  182  15:35  Marine x2  
  185  15:39  Marauder  
  185  15:40  SCV x3  
  191  15:52  SCV  
  191  15:56  Marine  
Show
View Real Time Build Order
Export as new Build Order

Nerchio Zerg 

Build Orders: Hatch First, Roach Nydus 

Get SALT Encoding   

  12  0:00  Drone  
  13  0:12  Overlord  
  13  0:16  Drone  
  14  0:30  Drone x2  
  16  0:48  Hatchery  
  15  0:50  Drone  
  15  0:54  Drone  
  17  0:57  Drone  
  18  1:07  Extractor  
  17  1:13  Spawning Pool  
  17  1:15  Drone  
  17  1:19  Drone  
  18  1:27  Drone  
  19  1:38  Overlord  
  19  1:49  Drone  
  20  1:59  Queen x2  
  20  2:00  Zergling x4  
  26  2:11  Drone  
  26  2:12  Drone  
  28  2:21  Roach Warren  
  27  2:25  Drone  
  27  2:32  Zergling x2  
  28  2:41  Queen  
  28  2:42  Zergling x2  
  28  2:43  Zergling x2  
  30  3:04  Roach x3  
  35  3:08  Roach  
  35  3:12  Overlord  
  36  3:22  Overlord  
  36  3:31  Drone  
  36  3:32  Drone x3  
  36  3:33  Lair  
  40  3:38  Drone x2  
  42  3:47  Drone x2  
  44  3:49  Drone x2  
  44  3:51  Drone  
  46  4:03  Drone x2  
  46  4:08  Extractor  
  47  4:10  Overlord  
  47  4:13  Drone  
  48  4:19  Overlord  
  48  4:21  Queen  
  48  4:23  Extractor  
  49  4:26  Roach  
  49  4:29  Overlord  
  51  4:31  Roach  
  51  4:32  Roach  
  51  4:35  Glial Reconstitution  
  55  4:48  Spore Crawler  
  55  4:49  Drone, Spore Crawler  
  53  4:56  Roach x3  
  59  5:08  Nydus Network  
  56  5:32  Drone x8  
  56  5:33  Drone x3  
  67  5:45  Overseer, Nydus Canal  
  67  5:46  Hatchery  
  66  5:53  Evolution Chamber  
  66  5:55  Drone  
  66  5:56  Drone x3  
  70  5:57  Drone  
  70  6:02  Ravager x2  
  72  6:04  Drone  
  72  6:05  Drone  
  72  6:06  Overlord  
  74  6:16  Drone  
  74  6:17  Overlord  
  75  6:20  Extractor  
  75  6:21  Extractor  
  73  6:26  Drone  
  73  6:27  Drone x5  
  79  6:33  Queen  
  79  6:36  Zerg Ground Armor Level 1  
  81  6:44  Drone x2  
  81  6:45  Drone x2  
  85  6:53  Overseer  
  82  7:03  Queen  
  82  7:06  Evolution Chamber  
  82  7:08  Drone  
  82  7:09  Drone x6, Queen  
  82  7:11  Drone  
  82  7:12  Drone  
  93  7:16  Overlord  
  93  7:27  Overlord x2  
  93  7:29  Baneling Nest, Overlord  
  92  7:30  Evolution Chamber  
  89  7:42  Drone x9  
  96  7:53  Roach x3  
  96  7:55  Roach  
  104  7:58  Zerg Melee Weapons Level 1  
  104  8:07  Roach x3  
  104  8:09  Ravager  
  104  8:10  Ravager x2  
  113  8:14  Overlord  
  113  8:15  Overlord  
  113  8:16  Roach x4  
  121  8:25  Overlord  
  121  8:28  Ravager  
  121  8:31  Zerg Missile Weapons Level 1  
  121  8:33  Hatchery  
  123  8:34  Roach x6  
  123  8:39  Roach x2  
  137  8:42  Centrifical Hooks  
  137  8:50  Extractor  
  137  8:54  Zergling x18  
  145  9:02  Zergling x2  
  146  9:03  Overlord  
  146  9:10  Overlord  
  146  9:22  Metabolic Boost  
  146  9:25  Roach x4  
  146  9:29  Roach  
  146  9:30  Roach x3  
  162  9:31  Overlord  
  162  9:39  Overlord  
  162  9:44  Roach x6  
  153  9:46  Roach  
  153  9:52  Zerg Ground Armor Level 2  
  127  9:53  Roach x2  
  127  9:54  Roach x3  
  127  9:57  Roach  
  116  10:02  Roach  
  116  10:04  Roach  
  120  10:07  Roach  
  120  10:09  Infestation Pit  
  120  10:12  Extractor  
  120  10:15  Roach x2  
  120  10:20  Roach  
  126  10:24  Hatchery  
  126  10:26  Roach x2  
  129  10:31  Hatchery  
  129  10:34  Spire  
  127  10:37  Zergling x14  
  134  10:45  Hive  
  134  10:47  Zergling x2  
  134  10:48  Zergling x12  
  141  10:59  Drone x3  
  141  11:04  Zerg Melee Weapons Level 2  
  144  11:10  Zergling x20  
  154  11:14  Baneling  
  154  11:15  Baneling x9  
  140  11:26  Zergling x10  
  141  11:38  Roach  
  141  11:39  Roach x10  
  154  11:46  Roach  
  135  11:47  Roach x2  
  135  11:51  Roach  
  135  11:53  Roach  
  121  12:02  Extractor  
  121  12:03  Greater Spire  
  121  12:07  Roach x6  
  132  12:11  Drone x2  
  132  12:12  Drone  
  132  12:13  Drone  
  136  12:20  Corruptor  
  136  12:21  Corruptor  
  140  12:25  Corruptor  
  142  12:31  Corruptor  
  142  12:34  Corruptor  
  146  12:44  Zergling x14  
  141  12:53  Drone x6  
  146  13:11  Hatchery  
  143  13:20  Brood Lord x3  
  146  13:34  Corruptor x2  
  152  13:42  Corruptor x2  
  154  13:54  Zergling x14  
  158  14:02  Zergling x14  
  140  14:13  Drone x3  
  140  14:15  Drone x2  
  143  14:23  Drone  
  144  14:29  Drone x3  
  147  14:36  Extractor  
  146  14:41  Corruptor x2  
  146  14:43  Viper  
  143  15:02  Corruptor x4  
  146  15:18  Hatchery  
  145  15:24  Brood Lord x3  
  145  15:28  Corruptor x2  
  151  15:29  Queen  
  157  15:39  Corruptor  
  158  15:55  Zergling x24  
Tags
 
Add a new tag
Caveats
  • Supply blocks, unpowered buildings, or Contaminate may cause inaccurate times.
  • Supply counts are checked every 10 seconds.